 Dungeon Sprint DCSS version 0.29.1-12-g30fa7ad0bf (webtiles) character file.

Game seed: 5526239012728068329

20307 boopmooplesden the Minotaur Blade (level 12, -52/137 HPs)
             Began as a Minotaur Berserker on Dec 16, 2022.
             Was a High Priest of Trog.
             Killed from afar by a fire giant (78 damage)
             ... with a fireball
             ... in the Dungeon (Sprint IX: "|||||||||||||||||||||||||||||").
             The game lasted 00:05:02 (3207 turns).

boopmooplesden the Minotaur Blade (MiBe)            Turns: 3207, Time: 00:05:03

Health: -52/137    AC: 27    Str: 22    XL:     12   Next: 44%
Magic:  11/11      EV: 15    Int:  4    God:    Trog [*****.]
Gold:   1220       SH:  8    Dex: 18    Spells: 11/11 levels left

rFire   . . .      SeeInvis .   v - +8 falchion of the Everdark {flame, rPois Dex+3}
rCold   . . .      Faith    .   B - +4 buckler of Etomil {+Blink rElec}
rNeg    . . .      Spirit   .   w - +4 plate armour of Discretion {Harm Regen+}
rPois   +          Reflect  .   (helmet restricted)
rElec   +          Harm     +   t - +0 cloak
rCorr   .          Rampage  .   k - +0 pair of gloves
Will    ++...      Rage     3%  (no boots)
Stlth   .......... NoTele   +   (no amulet)
HPRegen 2.12/turn               m - +2 ring of evasion
MPRegen 0.12/turn               l - +2 ring of protection

@: strong-willed, on berserk cooldown, regenerating, slowed, very slow
A: horns 2, retaliatory headbutt, berserk 1
a: Renounce Religion, Evoke Blink, Berserk, Trog's Hand, Brothers in Arms


You were in the Dungeon.
You worshipped Trog.
Trog was extremely pleased with you.
You visited 1 branch You collected 1720 gold pieces.
You spent 500 gold pieces at shops.

Inventory:

Hand Weapons
 a - a +0 falchion
 s - a +1 triple sword of flaming
 u - a +6 vorpal quick blade
 v - the +8 falchion of the Everdark (weapon) {flame, rPois Dex+3}
   (Trog gifted it to you in the Dungeon)

   It burns those it strikes, dealing additional fire damage.
   Big, fiery blades are also staple armaments of hydra-hunters.
   Dex:       It affects your dexterity (+3).
   rPois:     It protects you from poison.
Armour
 b - a +0 animal skin
 k - a +0 pair of gloves (worn)
 n - a +1 chain mail
 t - a +0 cloak (worn)
 w - the +4 plate armour of Discretion (worn) {Harm Regen+}
   (You bought it in a shop in the Dungeon)

   Regen:     It increases your rate of health regeneration.
   Harm:      It increases damage dealt and taken.
 B - the +4 buckler of Etomil (worn) {+Blink rElec}
   (You found it in the Dungeon)

   rElec:     It insulates you from electricity.
   +Blink:    It lets you blink.
Jewellery
 l - a +2 ring of protection (right hand)
 m - a +2 ring of evasion (left hand)
 x - a ring of magical power
 y - a ring of protection from fire
 z - a ring of willpower
 A - a ring of protection from cold
Wands
 j - a wand of roots (10)
 p - a wand of flame (21)
Scrolls
 h - a scroll of blinking
 q - 3 scrolls of identify
 r - 3 scrolls of butterflies
 C - a scroll of fear
 D - 2 scrolls of enchant weapon
Potions
 c - 7 potions of curing
 d - 7 potions of heal wounds
 e - 4 potions of haste
 f - 4 potions of magic
 g - a potion of berserk rage
 i - a potion of invisibility
 o - a potion of might


   Skills:
 + Level 21.9 Fighting
 + Level 23.2 Long Blades
 + Level 17.5 Armour
 + Level 12.0 Dodging
 + Level 1.2 Shields


You had 11 spell levels left.
You didn't know any spells.
Your spell library was empty.

Dungeon Overview and Level Annotations

Branches:
Dungeon (1/1)

Altars:
Cheibriados
Dithmenos
Elyvilon
Fedhas
Gozag
Hepliaklqana
Kikubaaqudgha
Makhleb
Nemelex Xobeh
Okawaru
Qazlal
Ru
Sif Muna
Trog
Uskayaw
Vehumet
Wu Jian
Xom
Yredelemnul
Zin
The Shining One
Jiyva
Lugonu

Shops:
D *([[


Innate Abilities, Weirdness & Mutations

You have a pair of horns on your head.
You reflexively headbutt those who attack you in melee.
You sometimes lose your temper in combat.


Message History

The red ugly thing is almost dead.
You block the red ugly thing's attack.
You slice the red ugly thing!! You burn the red ugly thing.
You kill the red ugly thing!
Trog accepts your kill.
An ice dragon comes into view.
Your Shields skill increases to level 1!
You hit the ice dragon but do no damage.
You headbutt the ice dragon!!
The ice dragon is moderately wounded.
The ice dragon bites you but does no damage.
The ice dragon barely misses you.
The ice dragon tramples you but does no damage.
You hit the ice dragon but do no damage.
The ice dragon is moderately wounded.
The ice dragon breathes frost at you. The blast of cold hits you!!
* * * LOW HITPOINT WARNING * * *
You slash the ice dragon! You burn the ice dragon. You headbutt the ice dragon.
The ice dragon is heavily wounded.
You hit the ice dragon. You burn the ice dragon.
The ice dragon is severely wounded.
You block the ice dragon's attack.
The ice dragon claws you but does no damage.
You block the ice dragon's attack.
A glowing orange brain comes into view.
The ice dragon bites you but does no damage.
The ice dragon completely misses you. The ice dragon misses you.
You slash the ice dragon! You burn the ice dragon! You headbutt the ice dragon.
You kill the ice dragon!
Trog accepts your kill.
The fire giant hits you with a +0 great sword of flaming!
* * * LOW HITPOINT WARNING * * *
The fire giant burns you.
* * * LOW HITPOINT WARNING * * *
The glowing orange brain pulsates.
The fire giant points at you and mumbles some strange words.
The fireball explodes!
The fireball engulfs you!!!
Ouch! That really hurt!
You die...

▓[▓.▓.▓.▓.▓.▓.▓
▓[▓.▓.▓.▓∩▓.▓.▓
▓.▓.▓.▓.▓)▓.▓B▓
▓)▓.▓†▓.▓)▓.▓G▓
▓?▓.▓†▓.▓)▓.▓g▓
▓.▓.▓.▓.▓)▓.▓)▓
▓'▓.▓'▓.▓)▓.▓D▓
▓_▓.▓.▓.▓)▓.▓C▓
▓_▓.▓.▓.▓.▓.▓@▓
▓_▓.▓.▓.▓.▓.▓.▓
▓_▓.▓.▓.▓.▓.▓.▓
▓_▓.▓.▓.▓.▓.▓)▓
▓_▓.▓.▓.▓.▓.▓.▓
▓_▓.▓÷▓.▓.▓.▓.▓
▓_▓.▓.▓.▓)▓.▓.▓
▓_▓.▓†▓.▓.▓.▓.▓
▓_▓.▓)▓.▓.▓.▓[▓


You could see a fire giant, an ice dragon, a boulder beetle, a glowing orange
brain and a goblin (summoned).

Vanquished Creatures
  A stone giant (D)
  2 hydras (D)
  An ice dragon (D)
  A boulder beetle (D)
  A death knight (D)
  3 two-headed ogres (D)
  8 orc high priests (D)
  2 orc knights (D)
  An orc sorcerer (D)
  An ugly thing (D)
  An elephant (D)
  2 black mambas (D)
  3 cane toads (D)
  An unseen horror (D)
  A yaktaur (shapeshifter) (D)
  A tengu conjurer (D)
  6 polar bears (D)
  A slime creature (D)
  2 blink frogs (D)
  A shadow (D)
  2 yaks (D)
  A wraith (D)
  A vampire mosquito (D)
  4 water moccasins (D)
  7 orc warriors (D)
  4 black bears (D)
  A centaur (D)
  A phantom (D)
  3 bullfrogs (D)
  A howler monkey (D)
  12 orc priests (D)
  An iguana (D)
  3 orc wizards (D)
  An adder (D)
  4 orcs (D)
  A bat (D)
  2 endoplasms (D)
  A ball python (D)
  A goblin (D)
91 creatures vanquished.

Vanquished Creatures (collateral kills)
  A very ugly thing (D)
  An ogre mage (D)
  4 orc warriors (D)
6 creatures vanquished.

Grand Total: 97 creatures vanquished

Notes
Turn   | Place    | Note
-------+----------+-------------------------------------------
     0 | D        | boopmooplesden the Minotaur Berserker began the quest for
                  | the Orb.
     0 | D        | Reached XP level 1. HP: 19/19 MP: 0/0
     5 | D        | Reached skill level 4 in Long Blades
     6 | D        | Reached ** piety under Trog
    17 | D        | Noticed an iguana
    17 | D        | Noticed a phantom
    17 | D        | Noticed a black bear
    17 | D        | Noticed a centaur
    22 | D        | Killed a centaur
    23 | D        | Reached skill level 7 in Long Blades
    23 | D        | Reached XP level 2. HP: 32/34 MP: 1/1
    23 | D        | Reached XP level 3. HP: 37/39 MP: 2/2
    23 | D        | Reached XP level 4. HP: 44/47 MP: 3/3
    27 | D        | Killed a black bear
    27 | D        | Reached *** piety under Trog
    28 | D        | Reached skill level 9 in Long Blades
    28 | D        | Reached XP level 5. HP: 41/56 MP: 4/4
    33 | D        | Killed a phantom
    34 | D        | Reached skill level 5 in Armour
    34 | D        | Reached skill level 5 in Dodging
    37 | D        | Reached skill level 10 in Long Blades
    42 | D        | Reached skill level 10 in Fighting
    42 | D        | Reached XP level 6. HP: 33/66 MP: 5/5
    47 | D        | Found a snail-covered altar of Cheibriados.
    47 | D        | Found a shadowy altar of Dithmenos.
    47 | D        | Found a white marble altar of Elyvilon.
    47 | D        | Found a blossoming altar of Fedhas.
    47 | D        | Found an opulent altar of Gozag.
    48 | D        | Found a hazy altar of Hepliaklqana.
    49 | D        | Found a viscous altar of Jiyva.
    50 | D        | Found an ancient bone altar of Kikubaaqudgha.
    51 | D        | Found a corrupted altar of Lugonu.
    52 | D        | Found a burning altar of Makhleb.
    53 | D        | Found a sparkling altar of Nemelex Xobeh.
    54 | D        | Found an iron altar of Okawaru.
    55 | D        | Found a stormy altar of Qazlal.
    56 | D        | Found a sacrificial altar of Ru.
    57 | D        | Found a shimmering blue altar of Sif Muna.
    58 | D        | Found a bloodstained altar of Trog.
    59 | D        | Found a hide-covered altar of Uskayaw.
    60 | D        | Found a radiant altar of Vehumet.
    61 | D        | Found an ornate altar of the Wu Jian Council.
    62 | D        | Found a shimmering altar of Xom.
    63 | D        | Found a basalt altar of Yredelemnul.
    64 | D        | Found a glowing silver altar of Zin.
    65 | D        | Found a glowing golden altar of the Shining One.
    81 | D        | Got the +2 scimitar "Tuarid" {venom, Fragile Str+9 Int+7}
   187 | D        | Noticed a two-headed ogre
   187 | D        | Noticed a two-headed ogre
   187 | D        | Noticed a two-headed ogre
   187 | D        | Noticed a yak
   192 | D        | Killed a yak
   192 | D        | Reached **** piety under Trog
   193 | D        | Reached skill level 11 in Long Blades
   199 | D        | Killed a two-headed ogre
   200 | D        | Reached skill level 13 in Long Blades
   200 | D        | Reached XP level 7. HP: 78/78 MP: 6/6
   200 | D        | Reached XP level 8. HP: 85/85 MP: 7/7
   202 | D        | Killed a two-headed ogre
   203 | D        | Reached skill level 15 in Long Blades
   209 | D        | Killed a two-headed ogre
   210 | D        | Reached XP level 9. HP: 46/96 MP: 8/8
   211 | D        | Reached ***** piety under Trog
   215 | D        | Reached skill level 16 in Long Blades
   553 | D        | Noticed a five-headed hydra
   553 | D        | Noticed a boulder beetle
   563 | D        | Killed a 12-headed hydra
   564 | D        | Reached skill level 15 in Fighting
   566 | D        | Reached skill level 10 in Armour
   571 | D        | Killed a boulder beetle
   571 | D        | Received a gift from Trog
   572 | D        | Reached skill level 17 in Long Blades
   572 | D        | Reached skill level 10 in Dodging
   576 | D        | Killed an unseen horror
   579 | D        | Reached XP level 10. HP: 36/107 MP: 9/9
   921 | D        | Noticed a black mamba
   921 | D        | Noticed an eight-headed hydra
   924 | D        | Noticed a cane toad
   927 | D        | Killed an 11-headed hydra
   934 | D        | Killed a black mamba
   935 | D        | Reached skill level 18 in Long Blades
   938 | D        | Received a gift from Trog
   944 | D        | Killed a cane toad
  1404 | D        | Noticed a cane toad
  1404 | D        | Noticed an elephant
  1404 | D        | Noticed a black mamba
  1408 | D        | Killed a black mamba
  1412 | D        | Noticed a cane toad
  1419 | D        | Killed an elephant
  1421 | D        | Killed a cane toad
  1421 | D        | Received a gift from Trog
  1432 | D        | Killed a cane toad
  1437 | D        | Reached XP level 11. HP: 52/119 MP: 10/10
  1673 | D        | Reached skill level 19 in Long Blades
  1676 | D        | Reached ****** piety under Trog
  1688 | D        | Received a gift from Trog
  1689 | D        | Reached skill level 15 in Armour
  1846 | D        | Received a gift from Trog
  1854 | D        | Received a gift from Trog
  1995 | D        | Noticed an orc sorcerer
  1999 | D        | Noticed an orc high priest
  2001 | D        | Noticed a soul eater
  2002 | D        | Identified the +8 falchion of the Everdark {flame, rPois
                  | Dex+3} (Trog gifted it to you in the Dungeon)
  2002 | D        | Received a gift from Trog
  2004 | D        | Noticed a sun demon
  2008 | D        | Killed an orc sorcerer
  2017 | D        | Gained mutation: You sometimes lose your temper in combat.
                  | [a neqoxec]
  2026 | D        | Killed an orc high priest
  2027 | D        | Reached skill level 20 in Long Blades
  2033 | D        | Received a gift from Trog
  2429 | D        | Found Ockiam's Armour Boutique.
  2429 | D        | Noticed an orc high priest
  2430 | D        | Noticed a sixfirhy
  2430 | D        | Noticed an orc high priest
  2437 | D        | Found Ereal's Armour Shop.
  2437 | D        | Noticed an orc high priest
  2439 | D        | Killed an orc high priest
  2442 | D        | Noticed a sixfirhy
  2444 | D        | Found Usmom's Weapon Boutique.
  2444 | D        | Noticed an orc high priest
  2449 | D        | Killed an orc high priest
  2466 | D        | Killed an orc high priest
  2466 | D        | Received a gift from Trog
  2475 | D        | Killed an orc high priest
  2476 | D        | Reached skill level 21 in Long Blades
  2476 | D        | Found Wulikyon's General Store.
  2479 | D        | Noticed an orc high priest
  2480 | D        | Noticed an orc high priest
  2481 | D        | Noticed an orc high priest
  2494 | D        | Killed an orc high priest
  2500 | D        | Killed an orc high priest
  2509 | D        | Killed an orc high priest
  2510 | D        | Reached XP level 12. HP: 36/134 MP: 11/11
  2535 | D        | Bought the +4 plate armour of Discretion {Harm Regen+} for
                  | 500 gold pieces
  3123 | D        | Got the +4 buckler of Etomil {+Blink rElec}
  3157 | D        | Noticed a death knight
  3162 | D        | Killed a death knight
  3163 | D        | Reached skill level 22 in Long Blades
  3164 | D        | Noticed an ogre mage
  3166 | D        | Noticed a boulder beetle
  3168 | D        | Received a gift from Trog
  3170 | D        | Noticed a stone giant
  3176 | D        | Noticed a red very ugly thing
  3180 | D        | Noticed an ice dragon
  3188 | D        | Noticed a fire giant
  3189 | D        | Killed a stone giant
  3196 | D        | Killed a red very ugly thing
  3197 | D        | Killed an ogre mage
  3197 | D        | Received a gift from Trog
  3198 | D        | Reached skill level 23 in Long Blades
  3201 | D        | Noticed an ice dragon
  3202 | D        | Reached skill level 1 in Shields
  3206 | D        | Killed an ice dragon
  3207 | D        | Killed from afar by a fire giant

Illustrated notes

Levels and vault maps discovered:
D:        linesprint [early_d, line_temple, items_1, d_10, items_2, lair_1,
          lair_end, items_3, orc_1, orc_end, items_4, d_15, swamp_1, shoals_1,
          snake_1, spider_1, d_20, vaults_1, items_5, swamp_end, shoals_end,
          snake_end, spider_end, vaults_end, d_27, items_6, zot_1, zot_end,
          crypt_end, forest_end, elf_end, slime_end, tomb_end, abyss_end,
          pan_hell_end]

Skill      XL: |  1  2  3  4  5  6  7  8  9 10 11 12 |
---------------+-------------------------------------+-----
Fighting       | 7 8 10 12 14 16 18 20 21 | 21.9
Long Blades    | 7 9 10 13 15 17 18 21 23 | 23.2
Armour         | 3 4 5 7 9 11 14 16 17 | 17.5
Dodging        | 3 4 5 7 9 10 11 12 | 12.0
Shields        | 1 |  1.2

Action                   |  1- 3 |  4- 6 |  7- 9 | 10-12 || total
-------------------------+-------+-------+-------+-------++-------
Melee: Falchion          |    10 |    19 |       |    98 ||   127
       Headbutt          |     1 |     5 |     7 |    71 ||    84
       Scimitar          |       |    10 |    32 |    85 ||   127
       Punch             |       |       |       |     4 ||     4
       Triple sword      |       |       |       |    50 ||    50
Invok: Berserk           |     1 |     1 |     1 |     6 ||     9
       Trog's Hand       |       |       |     1 |     4 ||     5
       Brothers in Arms  |       |       |       |     2 ||     2
  Use: Scroll            |       |       |       |     2 ||     2
       Potion            |       |       |       |     2 ||     2
Armor: Animal skin       |     4 |     2 |       |       ||     6
       Chain mail        |       |     1 |    20 |    89 ||   110
       Plate armour      |       |       |       |     9 ||     9
Dodge: Dodged            |     8 |    13 |    27 |   129 ||   177
Block: Buckler           |       |       |       |     7 ||     7
